 Dungeon Sprint DCSS version 0.24.0-1-gfbc8707 (webtiles) character file.

Game seed: 14892928889892934270, levelgen mode: deterministic

73483 Fang the Slayer (level 15, -3/172 HPs)
             Began as a Gargoyle Berserker on Nov 6, 2019.
             Was the Champion of Trog.
             Killed by the air
             ... invoked by a wind drake
              (13 damage)
             ... in the Dungeon (Sprint V: "Ziggurat Sprint").
             The game lasted 00:05:37 (2142 turns).

Fang the Slayer (Gargoyle Berserker)                Turns: 2142, Time: 00:05:37

Health: -3/172     AC: 45    Str: 35    XL:     15   Next: 43%
Magic:  0/15       EV:  6    Int:  9    God:    Trog [******]
Gold:   0          SH: 35    Dex:  9    Spells: 14/14 levels left

rFire    . . .     SeeInvis +   a - +5 broad axe (chop)
rCold    + . .     Gourm    .   E - +18 shield of the Gong {rElec rN+ MR+ EV-5}
rNeg     + + +     Faith    .   b - +15 Maxwell's patent armour {-Cast -Tele rElec MR+ rCorr}
rPois    ∞         Spirit   +   C - +2 hat of the Bear Spirit {Spirit, +Rage rN+ MR++}
rElec    +         Reflect  .   (no cloak)
rCorr    +         Harm     .   (no gloves)
MR       +++++     NoTele   +   (no boots) Stlth ..........NoCast +
                                (no amulet)
HPRegen  0.38/turn              H - ring of Sipaopakh {rC+ Slay+3 SInv Stlth+}
MPRegen  0.14/turn              B - ring "Juarat" {+Fly Str+4 SInv Stlth+}

@: berserking, grasped by roots, flying, constricted, studying 3 skills, very
quick
A: big wings, negative energy resistance 1, electricity resistance, unbreathing,
petrification resistance, rot immunity, AC +11
a: Stop Flying, Berserk, Trog's Hand, Brothers in Arms, Renounce Religion, Evoke
Berserk Rage


You were in the Dungeon.
You worshipped Trog.
Trog was exalted by your worship.
You were not hungry.

You visited 1 branch

Inventory:

Hand Weapons
 a - a +5 broad axe of chopping (weapon)
 g - a +4 antimagic broad axe
 x - a +0 broad axe of freezing
 z - a +4 broad axe of chopping
Armour
 b - the +15 Maxwell's patent armour (worn) {-Cast -Tele rElec MR+ rCorr}
   (You found it in the Dungeon)

   It insulates you from electricity.
   It affects your resistance to hostile enchantments.
   It prevents spellcasting.
   It prevents most forms of teleportation.
   It provides partial protection from all sources of acid and corrosion.
 C - the +2 hat of the Bear Spirit (worn) {Spirit, +Rage rN+ MR++}
   (You found it in the Dungeon)

   It protects you from negative energy.
   It affects your resistance to hostile enchantments.
   It lets you go berserk.
 E - the +18 shield of the Gong (worn) {rElec rN+ MR+ EV-5}
   (You found it in the Dungeon)

   It affects your evasion (-5).
   It insulates you from electricity.
   It protects you from negative energy.
   It affects your resistance to hostile enchantments.
Jewellery
 o - the ring of Gezaqedd {rPois Slay+3}
   (You took it off a merfolk in the Dungeon)

   [ring of slaying]

   It affects your accuracy and damage with ranged weapons and melee attacks
   (+3).
   It protects you from poison.
 y - the ring "Vom Ergh" {rPois rN+ Stlth+}
   (You found it in the Dungeon)

   [ring of positive energy]

   It protects you from poison.
   It protects you from negative energy.
   It makes you more stealthy.
 A - an uncursed ring of resist corrosion
 B - the ring "Juarat" (right hand) {+Fly Str+4 SInv Stlth+}
   (You found it in the Dungeon)

   [ring of stealth]

   It affects your strength (+4).
   It lets you see invisible.
   It lets you fly.
   It makes you more stealthy.
 F - the ring of Oshroroe {*Contam rElec EV+3 Str+2 Dex+2}
   (You found it in the Dungeon)

   [ring of evasion]

   It affects your evasion (+3).
   It affects your strength (+2).
   It affects your dexterity (+2).
   It insulates you from electricity.
   It causes magical contamination when unequipped.
 G - a +2 ring of protection
 H - the ring of Sipaopakh (left hand) {rC+ Slay+3 SInv Stlth+}
   (You found it in the Dungeon)

   [ring of stealth]

   It affects your accuracy and damage with ranged weapons and melee attacks
   (+3).
   It protects you from cold.
   It lets you see invisible.
   It makes you more stealthy.
 I - the ring "Nuifigom" {rElec rF+ Dex-5 Stlth+}
   (You found it in the Dungeon)

   [ring of stealth]

   It affects your dexterity (-5).
   It protects you from fire.
   It insulates you from electricity.
   It makes you more stealthy.
 K - the ring "Leazamp" {-Tele rN+ rCorr SInv}
   (You found it in the Dungeon)

   [ring of resist corrosion]

   It protects you from negative energy.
   It lets you see invisible.
   It prevents most forms of teleportation.
   It provides partial protection from all sources of acid and corrosion.
 L - an uncursed ring of protection from fire
 M - an uncursed amulet of the gourmand
 O - an uncursed ring of fire
 P - the ring of Pemiac {rC- MP+9 EV+3 Str-2 SInv}
   (You found it in the Dungeon)

   [ring of evasion]

   It affects your evasion (+3).
   It affects your strength (-2).
   It makes you vulnerable to cold.
   It affects your magic capacity (+9).
   It lets you see invisible.
Wands
 u - a wand of disintegration (7)
 v - a wand of iceblast (7)
 w - a wand of acid (7)
Scrolls
 i - 4 scrolls of blinking
 j - 7 scrolls of fog
 k - a scroll of holy word
 l - 5 scrolls of identify
 m - 5 scrolls of remove curse
 n - 2 scrolls of fear
Potions
 d - 10 potions of curing
 e - 10 potions of heal wounds
 f - 10 potions of haste
 h - 3 potions of berserk rage
 p - 2 potions of invisibility
 q - 4 potions of resistance
 s - 5 potions of agility
 t - 5 potions of might
Books
 r - a manual of Invocations
 D - a manual of Long Blades
 J - a manual of Polearms
Comestibles
 c - 6 rations


   Skills:
 * Level 21.2 Fighting
 * Level 18.4 Axes
 + Level 15.7 Armour
 + Level 12.6 Dodging
 * Level 21.1 Shields


You had 14 spell levels left.
You didn't know any spells.
Your spell library was empty.

Dungeon Overview and Level Annotations

Branches:
Dungeon (1/1)

Altars:
Ashenzari
Cheibriados
Dithmenos
Elyvilon
Fedhas
Gozag
Hepliaklqana
Kikubaaqudgha
Makhleb
Nemelex Xobeh
Okawaru
Qazlal
Ru
Sif Muna
Trog
Uskayaw
Vehumet
Wu Jian
Xom
Yredelemnul
Zin
The Shining One
Beogh
Jiyva
Lugonu

Annotations:
D exclusion: oklob plant


Innate Abilities, Weirdness & Mutations

You are resistant to torment.
Your stone body is resilient. (AC +11)
You are immune to poison.
Your large and strong wings let you fly indefinitely.
You resist negative energy. (rN+)
You are resistant to electric shocks. (rElec)
You can survive without breathing.
You are immune to petrification.
You are immune to rotting.


Message History

The wind drake flaps its wings at you.
The air twists around and violently strikes you in flight.
The spriggan rider throws a curare-tipped dart.
PTOANNNG!
You block the curare-tipped dart.
You see here a curare-tipped dart.
The spriggan air mage waves its arms in wide circles.
The air twists around and violently strikes you in flight!!
* * * LOW HITPOINT WARNING * * *
Roots burst forth from the earth!
The grasping roots grab you! The grasping roots constrict you.
You are too injured to fight recklessly!
You slice the shambling mangrove!!
The shambling mangrove is heavily damaged.
You block the spriggan rider's attack.
PANG!
The wind drake flaps its wings at you.
The air twists around and violently strikes you in flight!
You die...

▓.......b.....▓.)).≈†≈.≈≈.▓
▓.............▓÷)▓≈|(..▓≈≈▓
▓.............▓()).≈(≈.≈..▓
▓.............▓≈()≈.©...≈.▓
▓.............▓▓▓▓▓▓▓▓▓▓▓▓▓
..▓..)(...▓..▓...8©8...▓..
▓ ▓.▓.)fic▓.▓.▓..).[:|).▓..
▓..▓..ki).f▓..▓..[}.)...▓..
▓PP.......@(..▓.........▓..
▓PP....©......▓.........▓..
▓▓▓▓▓▓▓▓▓▓▓▓▓▓▓.....)...▓..
▓..)).....▓.. ▓..▓().▓..▓..
▓.▓..(..▓.▓.▓ ▓....©....▓..
▓▓▓▓▓▓▓▓▓▓▓▓▓


You could see 2 shambling mangroves, a satyr, a spriggan rider, a wind drake and
a spriggan air mage.

Vanquished Creatures
  A greater mummy (D)
  A lich (D)
  2 deep elf master archers (D)
  2 thorn hunters (D)
  A shadow dragon (D)
  2 ghost moths (D)
  2 stone giants (D)
  An entropy weaver (D)
  A deep elf annihilator (D)
  2 merfolk impalers (D)
  4 death oozes (D)
  A merfolk javelineer (D)
  5 mummy priests (D)
  A deep elf high priest (D)
  A spriggan air mage (D)
  9 vault guards (D)
  A merfolk avatar (D)
  4 spriggan berserkers (D)
  2 death scarabs (D)
  4 deep elf knights (D)
  A sea snake (D)
  A deep troll (shapeshifter) (D)
  An orc knight (D)
  2 wolf spiders (D)
  A manticore (D)
  A faun (D)
  4 deep elf magi (D)
  A manticore (shapeshifter) (D)
  A worldbinder (D)
  A smoke demon (D)
  A black mamba (shapeshifter) (D)
  2 spiny frogs (D)
  3 yaktaurs (D)
  2 demonic crawlers (D)
  A dryad (D)
  4 guardian mummies (D)
  A troll (shapeshifter) (D)
  A merfolk (D)
  3 jumping spiders (D)
  A hornet (D)
  A wind drake (D)
  6 slime creatures (D)
  2 snapping turtles (D)
  3 flying skulls (D)
  2 air elementals (D)
  A water elemental (D)
  2 redbacks (D)
  2 yaks (D)
  A basilisk (D)
  2 golden eyes (D)
  A water moccasin (D)
  A naga (D)
  A hell hound (D)
  A floating eye (D)
  A porcupine (D)
  An eye of draining (D)
  4 phantoms (D)
  A centaur (D)
  A wolf (D)
  A crocodile (D)
  5 bullfrogs (D)
  A wight (D)
  2 crimson imps (D)
  4 jellies (D)
  An iron imp (D)
  8 mummies (D)
  4 adders (D)
  An adder skeleton (D)
  An adder zombie (D)
  A bat skeleton (D)
  A bat zombie (D)
  2 jackals (D)
  2 ball pythons (D)
  A ball python skeleton (D)
  A jackal skeleton (D)
  A leopard gecko skeleton (D)
  A leopard gecko zombie (D)
  A quokka skeleton (D)
  A butterfly (D)
154 creatures vanquished.

Vanquished Creatures (collateral kills)
  A merfolk aquamancer (D)
1 creature vanquished.

Vanquished Creatures (others)
  A deep elf annihilator (D)
  A dancing weapon (D)
2 creatures vanquished.

Grand Total: 157 creatures vanquished

Notes
Turn   | Place    | Note
-------+----------+-------------------------------------------
     0 | D        | Fang the Gargoyle Berserker began the quest for the Orb.
     0 | D        | Reached XP level 1. HP: 14/14 MP: 1/1
     0 | D        | Found a blossoming altar of Fedhas.
     1 | D        | Found the +6 Majin-Bo {vamp, Archmagi MP+6 Int+6}
     1 | D        | Found the +7 great mace "Firestarter" {inner flame, rF++}
     1 | D        | Found a transporter.
     1 | D        | Found a viscous altar of Jiyva.
     1 | D        | Found an ancient bone altar of Kikubaaqudgha.
     1 | D        | Found a hazy altar of Hepliaklqana.
     1 | D        | Found a corrupted altar of Lugonu.
     1 | D        | Found an opulent altar of Gozag.
     1 | D        | Found a burning altar of Makhleb.
    18 | D        | Found an iron altar of Okawaru.
    18 | D        | Found a stormy altar of Qazlal.
    18 | D        | Found a sparkling altar of Nemelex Xobeh.
    18 | D        | Found a sacrificial altar of Ru.
    18 | D        | Found a shimmering blue altar of Sif Muna.
    26 | D        | Found the +9 heavy crossbow "Sniper" {velocity, Acc+∞ SInv}
    26 | D        | Found the +10 dark maul {crush}
    26 | D        | Found the +15 Maxwell's patent armour {-Cast -Tele rElec
                  | MR+ rCorr}
    26 | D        | Found the +18 shield of the Gong {rElec rN+ MR+ EV-5}
    26 | D        | Found the cursed +14 obsidian axe {chop, +Fly SInv *Curse}
    32 | D        | Found a bloodstained altar of Trog.
    79 | D        | Entered arena 2.
    79 | D        | Noticed a hell hound
    79 | D        | Found a transporter.
    84 | D        | Killed a hell hound
    84 | D        | Reached skill level 5 in Fighting
    84 | D        | Reached XP level 2. HP: 22/22 MP: 2/2
    84 | D        | Reached XP level 3. HP: 27/27 MP: 3/3
    84 | D        | Reached XP level 4. HP: 32/32 MP: 4/4
   241 | D        | Entered arena 3.
   241 | D        | Noticed a phantom
   241 | D        | Noticed a phantom
   241 | D        | Found a transporter.
   246 | D        | Killed a phantom
   246 | D        | Reached ** piety under Trog
   246 | D        | Reached skill level 5 in Axes
   246 | D        | Reached skill level 5 in Shields
   246 | D        | Reached XP level 5. HP: 37/37 MP: 5/5
   249 | D        | Killed a phantom
   249 | D        | Reached skill level 5 in Armour
   249 | D        | Reached XP level 6. HP: 44/44 MP: 6/6
   287 | D        | Entered arena 4.
   287 | D        | Found a transporter.
   290 | D        | Reached *** piety under Trog
   299 | D        | Entered arena 5.
   299 | D        | Noticed a naga
   299 | D        | Noticed a water moccasin
   299 | D        | Found a transporter.
   303 | D        | Reached **** piety under Trog
   303 | D        | Killed a water moccasin
   311 | D        | Killed a naga
   311 | D        | Reached XP level 7. HP: 44/50 MP: 7/7
   351 | D        | Entered arena 6.
   351 | D        | Noticed a worldbinder
   351 | D        | Noticed a smoke demon
   351 | D        | Found a transporter.
   353 | D        | Noticed a dream sheep
   355 | D        | Noticed a blink frog
   355 | D        | Noticed a blink frog
   355 | D        | Noticed a blink frog
   358 | D        | Killed a smoke demon
   358 | D        | Reached ***** piety under Trog
   358 | D        | Reached skill level 10 in Fighting
   358 | D        | Reached skill level 5 in Dodging
   358 | D        | Reached XP level 8. HP: 57/57 MP: 8/8
   362 | D        | Killed a worldbinder
   362 | D        | Reached skill level 10 in Shields
   421 | D        | Entered arena 7.
   421 | D        | Noticed an orc knight
   421 | D        | Noticed a vault guard
   421 | D        | Noticed a vault guard
   421 | D        | Noticed a vault guard
   421 | D        | Noticed a yaktaur
   421 | D        | Noticed a yaktaur
   423 | D        | Found a transporter.
   432 | D        | Killed a vault guard
   432 | D        | Reached XP level 9. HP: 64/64 MP: 9/9
   432 | D        | Killed a vault guard
   432 | D        | Reached skill level 10 in Axes
   433 | D        | Killed an orc knight
   433 | D        | Received a gift from Trog
   437 | D        | Killed a vault guard
   437 | D        | Reached XP level 10. HP: 72/72 MP: 10/10
   444 | D        | Received a gift from Trog
   488 | D        | Entered arena 8.
   488 | D        | Noticed a spiny frog
   489 | D        | Found a transporter.
   491 | D        | Killed a spiny frog
   500 | D        | Reached ****** piety under Trog
   510 | D        | Got the ring "Vom Ergh" {rPois rN+ Stlth+}
   572 | D        | Entered arena 9.
   572 | D        | Noticed a deep elf knight
   572 | D        | Noticed a deep elf mage
   572 | D        | Noticed a deep elf mage
   572 | D        | Noticed a deep elf knight
   572 | D        | Noticed a deep troll
   572 | D        | Noticed a deep elf mage
   572 | D        | Noticed a deep elf knight
   573 | D        | Found a transporter.
   577 | D        | Killed a deep elf mage
   579 | D        | Killed a deep troll
   579 | D        | Reached skill level 10 in Armour
   581 | D        | Noticed a soul eater
   583 | D        | Killed a deep elf mage
   584 | D        | Killed a deep elf knight
   584 | D        | Received a gift from Trog
   584 | D        | Reached XP level 11. HP: 80/80 MP: 11/11
   584 | D        | Killed a deep elf knight
   585 | D        | Killed a deep elf knight
   588 | D        | Killed a deep elf mage
   629 | D        | Got the ring "Juarat" {+Fly Str+4 SInv Stlth+}
   631 | D        | Got the ring of Oshroroe {*Contam rElec EV+3 Str+2 Dex+2}
   734 | D        | Entered arena 10.
   735 | D        | Found a transporter.
   743 | D        | Received a gift from Trog
   757 | D        | Got the ring of Sipaopakh {rC+ Slay+3 SInv Stlth+}
   759 | D        | Got the ring "Nuifigom" {rElec rF+ Dex-5 Stlth+}
   763 | D        | Entered arena 11.
   764 | D        | Found a transporter.
   768 | D        | Received a gift from Trog
   772 | D        | Reached skill level 15 in Fighting
   793 | D        | Got the ring of the Queen {Wiz rC+}
   795 | D        | Entered arena 12.
   795 | D        | Noticed a mummy priest
   795 | D        | Noticed a greater mummy
   798 | D        | Noticed a flayed ghost
   798 | D        | Noticed a phantasmal warrior
   802 | D        | Received a gift from Trog
   810 | D        | Killed a mummy priest
   810 | D        | Reached skill level 15 in Shields
   814 | D        | Noticed an emperor scorpion
   814 | D        | Noticed an emperor scorpion
   814 | D        | Noticed an emperor scorpion
   820 | D        | Killed a greater mummy
   820 | D        | Reached XP level 12. HP: 61/90 MP: 12/12
   821 | D        | Found a transporter.
  1037 | D        | Entered arena 13.
  1037 | D        | Noticed a vault guard
  1037 | D        | Noticed a vault guard
  1037 | D        | Noticed a shadow dragon
  1037 | D        | Noticed a vault guard
  1037 | D        | Noticed a stone giant
  1037 | D        | Noticed a lich
  1038 | D        | Found the +2 hat of the Bear Spirit {Spirit, +Rage rN+
                  | MR++}
  1038 | D        | Noticed a vault guard
  1038 | D        | Noticed a vault guard
  1038 | D        | Noticed a vault guard
  1040 | D        | Found a transporter.
  1040 | D        | Noticed a stone giant
  1047 | D        | Killed a vault guard
  1047 | D        | Received a gift from Trog
  1050 | D        | Killed a lich
  1051 | D        | Killed a vault guard
  1053 | D        | Reached skill level 10 in Dodging
  1054 | D        | Killed a vault guard
  1055 | D        | Killed a vault guard
  1055 | D        | Reached skill level 15 in Axes
  1057 | D        | Killed a shadow dragon
  1058 | D        | Killed a stone giant
  1058 | D        | Received a gift from Trog
  1058 | D        | Reached XP level 13. HP: 94/97 MP: 13/13
  1061 | D        | Killed a stone giant
  1077 | D        | Killed a vault guard
  1085 | D        | Killed a vault guard
  1195 | D        | Entered arena 14.
  1196 | D        | Gained mutation: Your large and strong wings let you fly
                  | indefinitely. [Gargoyle growth]
  1196 | D        | Reached XP level 14. HP: 104/104 MP: 0/14
  1197 | D        | Identified the ring of Gezaqedd {rPois Slay+3}
  1212 | D        | Found a transporter.
  1220 | D        | Received a gift from Trog
  1256 | D        | Received a gift from Trog
  1385 | D        | Entered arena 15.
  1386 | D        | Noticed a ghost moth
  1386 | D        | Noticed an entropy weaver
  1386 | D        | Noticed a ghost moth
  1393 | D        | Killed a ghost moth
  1396 | D        | Received a gift from Trog
  1397 | D        | Killed an entropy weaver
  1397 | D        | Received a gift from Trog
  1399 | D        | Killed a ghost moth
  1404 | D        | Found a transporter.
  1458 | D        | Got the ring "Leazamp" {-Tele rN+ rCorr SInv}
  1508 | D        | Entered arena 16.
  1509 | D        | Noticed a deep elf annihilator
  1509 | D        | Noticed a deep elf annihilator
  1509 | D        | Noticed a deep elf master archer
  1509 | D        | Noticed a deep elf master archer
  1510 | D        | Identified the cursed +1 halberd of the Warrior {elec,
                  | Str+5}
  1511 | D        | Found a transporter.
  1514 | D        | Killed a deep elf annihilator
  1518 | D        | Received a gift from Trog
  1522 | D        | Killed a deep elf master archer
  1523 | D        | Killed a deep elf master archer
  1525 | D        | Killed a deep elf annihilator
  1525 | D        | Received a gift from Trog
  1576 | D        | Got the ring of Pemiac {rC- MP+9 EV+3 Str-2 SInv}
  1679 | D        | Entered arena 17.
  1689 | D        | Received a gift from Trog
  1690 | D        | Found a transporter.
  1700 | D        | Reached XP level 15. HP: 51/112 MP: 5/15
  2002 | D        | Entered arena 18.
  2008 | D        | Found a transporter.
  2010 | D        | Reached skill level 15 in Armour
  2013 | D        | Received a gift from Trog
  2019 | D        | Received a gift from Trog
  2114 | D        | Entered arena 19.
  2117 | D        | Noticed a thorn hunter
  2118 | D        | Noticed a thorn hunter
  2129 | D        | Killed a thorn hunter
  2131 | D        | Received a gift from Trog
  2132 | D        | Killed a thorn hunter
  2138 | D        | Received a gift from Trog
  2142 | D        | Killed from afar by a wind drake

Levels and vault maps discovered:
D:        sprint_v [room_start, room_1, room_2, room_3, room_4, room_5, room_6,
          room_7, room_8, room_9, room_10, room_11, room_12, room_13, room_14,
          room_15, room_16, room_17, room_18, room_19, room_20, room_21,
          room_22, room_23, room_24, room_25, room_26, room_27]

Skill      XL: |  1  2  3  4  5  6  7  8  9 10 11 12 13 14 15 |
---------------+----------------------------------------------+-----
Fighting       | 5 6 7 8 10 11 12 14 16 17 18 20 21 | 21.2
Axes           | 4 5 6 7 8 9 11 12 14 15 17 18 | 18.4
Armour         | 4 5 6 8 9 10 12 13 14 15 | 15.7
Dodging        | 3 4 5 6 7 8 9 10 11 12 | 12.6
Shields        | 4 5 6 8 9 11 12 13 16 17 20 21 | 21.1

Action                   |  1- 3 |  4- 6 |  7- 9 | 10-12 | 13-15 || total
-------------------------+-------+-------+-------+-------+-------++-------
Melee: Broad axe         |     4 |    15 |    23 |    96 |   161 ||   299
Invok: Berserk           |     1 |     2 |     2 |     3 |     6 ||    14
       Trog's Hand       |       |       |       |     1 |     2 ||     3
       Brothers in Arms  |       |       |       |       |     1 ||     1
 Abil: Fly               |       |       |       |       |     1 ||     1
  Use: Scroll            |       |       |     1 |       |       ||     1
       Potion            |       |       |       |       |     2 ||     2
  Eat: Chunk             |       |       |     2 |     5 |     5 ||    12
       Ration            |       |       |       |       |     2 ||     2
Armor: Plate armour      |       |     3 |    14 |    49 |   104 ||   170
Dodge: Dodged            |       |     1 |     1 |    18 |    32 ||    52
Block: Shield            |     9 |    18 |    48 |   154 |   287 ||   516
